Map: Magannatha LE

Players

Clem - Winner!

  • Race: Terran Terran
  • Spawn Location: 11:00

Solar

  • Race: Zerg Zerg
  • Spawn Location: 5:00

Event: Esports World Cup 2025

VOD

Have the link to the VOD?

Description

Time

  • Played on: July 23, 2025, 8:33 a.m.
  • Length: 10:11

All games in this series

Show
View Real Time Build Order
Export as new Build Order

Clem Terran - Winner!

Build Orders:  

Get SALT Encoding   

  12  0:00  SCV  
  13  0:12  SCV  
  14  0:17  Supply Depot  
  14  0:24  SCV  
  15  0:39  Barracks, SCV  
  16  0:43  Refinery  
  16  0:51  SCV  
  17  1:00  Barracks  
  17  1:03  SCV  
  18  1:15  SCV  
  19  1:27  Orbital Command, Reaper  
  19  1:32  Supply Depot  
  20  1:46  Reaper  
  21  1:53  SCV  
  22  2:04  Reaper  
  22  2:05  SCV  
  24  2:10  Command Center  
  24  2:17  Refinery, SCV  
  25  2:29  SCV  
  27  2:41  SCV  
  27  2:44  Factory  
  27  2:50  Barracks Reactor  
  27  2:51  Marine  
  28  2:53  SCV  
  28  2:58  Command Center  
  29  3:05  SCV  
  30  3:18  SCV  
  31  3:21  Barracks Tech Lab  
  31  3:22  Orbital Command  
  31  3:30  Starport  
  31  3:32  SCV  
  32  3:35  Hellion x2  
  36  3:44  Stimpack, SCV  
  36  3:46  Marine  
  36  3:47  Barracks Reactor  
  39  3:48  SCV  
  39  3:56  Hellion, SCV  
  39  3:59  Hellion  
  39  4:00  SCV  
  45  4:05  Marine  
  45  4:09  SCV  
  46  4:12  Liberator  
  46  4:13  SCV  
  46  4:16  Orbital Command  
  50  4:21  SCV  
  50  4:23  Marine  
  50  4:24  Marine x2  
  54  4:25  SCV  
  54  4:30  Supply Depot  
  55  4:34  Hellion  
  55  4:35  Hellion  
  59  4:38  SCV  
  59  4:41  SCV  
  59  4:44  Orbital Command  
  59  4:45  Supply Depot  
  61  4:50  Refinery  
  61  4:51  Marine x3, SCV  
  61  4:52  Barracks  
  65  4:53  SCV  
  66  5:03  SCV  
  66  5:06  Medivac x2  
  71  5:08  Supply Depot  
  71  5:09  Marine, SCV  
  71  5:10  Supply Depot, Marine  
  71  5:12  Marine  
  75  5:16  Factory Tech Lab, SCV  
  75  5:17  Engineering Bay, SCV  
  77  5:22  Engineering Bay  
  77  5:29  Marine x2, SCV x2  
  77  5:30  SCV  
  77  5:34  Marine  
  77  5:35  Refinery, Supply Depot  
  83  5:36  Combat Shield  
  83  5:41  SCV x2  
  85  5:45  Barracks Reactor, SCV  
  85  5:47  Marine  
  85  5:48  Supply Depot  
  87  5:54  Marine, SCV x2  
  87  5:56  Terran Infantry Armor Level 1, Terran Infantry Weapons Level 1  
  90  5:57  Marine  
  90  6:02  Supply Depot, Siege Tank  
  95  6:04  SCV  
  95  6:05  Marine  
  95  6:07  SCV  
  95  6:10  Barracks  
  95  6:11  SCV  
  98  6:17  Barracks, SCV  
  99  6:20  SCV  
  99  6:21  Marine  
  99  6:23  SCV  
  100  6:27  Medivac x2  
  100  6:29  Marine, SCV  
  100  6:31  Marine  
  100  6:32  SCV  
  107  6:34  Marine  
  107  6:35  Supply Depot  
  108  6:41  Marine x2, Siege Tank  
  108  6:43  SCV  
  108  6:44  SCV  
  108  6:46  SCV  
  115  6:47  Marine  
  115  6:48  Marine  
  115  6:49  Supply Depot  
  115  6:52  Marine  
  104  6:55  SCV  
  104  6:56  SCV  
  104  6:57  Refinery x2  
  104  6:58  Marine, SCV  
  104  7:00  Barracks Reactor  
  107  7:04  Concussive Shells  
  107  7:06  Armory, Marine, Medivac x2  
  107  7:08  Marine, Barracks Reactor  
  112  7:11  Marine  
  112  7:12  Marauder, Supply Depot  
  116  7:16  Marine  
  116  7:22  Command Center, Siege Tank  
  120  7:25  Marine  
  120  7:27  Supply Depot  
  120  7:28  Supply Depot  
  120  7:29  Marine  
  122  7:37  Barracks  
  122  7:38  Marine  
  122  7:39  Barracks, Marine x2  
  122  7:41  Marine x2  
  122  7:43  Barracks  
  127  7:45  Medivac x2  
  127  7:47  Marine  
  127  7:48  Supply Depot  
  132  7:53  Marine  
  132  7:58  Supply Depot  
  133  7:59  Marine x2  
  130  8:07  Marine x3  
  130  8:10  SCV x2  
  130  8:11  Sensor Tower  
  130  8:12  SCV  
  136  8:14  Supply Depot  
  136  8:15  Marine  
  136  8:16  Siege Tank  
  136  8:18  Medivac x2  
  144  8:20  Marine  
  144  8:21  Marine  
  144  8:22  Marine  
  144  8:23  Marine  
  144  8:27  Marine  
  144  8:31  SCV  
  144  8:32  Marauder  
  144  8:33  Barracks Tech Lab x2  
  141  8:36  Barracks Tech Lab  
  141  8:37  Marine x2  
  141  8:40  SCV  
  141  8:41  Marine x2  
  141  8:42  Marine x2  
  141  8:43  Marine  
  145  8:48  Marine  
  145  8:53  Marauder  
  145  8:54  Medivac x2  
  145  8:55  Siege Tank  
  147  8:56  Marine x2  
  147  8:57  Marauder, Marine x2  
  152  9:05  Marine x4  
  152  9:06  Marine  
  157  9:14  Marauder, Marine  
  157  9:15  Marine  
  157  9:16  Marauder  
  157  9:18  Marauder x2  
  157  9:19  Marine  
  157  9:23  Marine x3, Planetary Fortress  
  153  9:24  Medivac  
  153  9:25  Marine, SCV x2  
  158  9:33  Siege Tank  
  158  9:34  Marine  
  158  9:36  Marauder  
  158  9:37  Marauder  
  166  9:41  Marauder x2  
  166  9:43  Ghost Academy  
  166  9:45  Marine x3  
  172  9:46  Marine  
  172  9:51  Marine  
  164  10:08  Command Center  
Show
View Real Time Build Order
Export as new Build Order

Solar Zerg 

Build Orders: Hatch First 

Get SALT Encoding   

  12  0:00  Drone  
  13  0:09  Drone  
  14  0:15  Drone, Extractor  
  15  0:21  Overlord  
  15  0:40  Drone  
  16  0:45  Hatchery  
  16  0:48  Drone  
  16  0:51  Drone  
  16  0:56  Drone  
  18  1:06  Extractor  
  17  1:11  Spawning Pool  
  17  1:14  Drone  
  17  1:18  Drone  
  18  1:27  Drone  
  19  1:38  Drone  
  20  1:49  Drone  
  21  1:57  Queen  
  21  1:58  Queen  
  21  1:59  Zergling x4  
  27  2:08  Zergling x2  
  28  2:09  Overlord  
  28  2:14  Metabolic Boost  
  28  2:31  Drone x2  
  28  2:32  Zergling x2  
  28  2:33  Zergling x2, Queen  
  34  2:39  Overlord  
  34  2:41  Drone  
  35  2:51  Drone  
  36  2:58  Drone  
  36  3:01  Zergling x2  
  36  3:04  Drone  
  39  3:10  Drone x2  
  39  3:11  Drone  
  42  3:15  Hatchery, Overlord  
  42  3:18  Drone  
  42  3:23  Queen  
  42  3:27  Overlord  
  44  3:35  Drone  
  44  3:36  Drone  
  44  3:38  Queen  
  44  3:40  Drone  
  49  3:44  Drone  
  49  3:45  Drone x2  
  52  3:48  Drone x2  
  52  3:50  Drone  
  52  3:52  Overlord  
  55  3:58  Drone x2  
  55  4:01  Extractor  
  55  4:03  Roach Warren  
  55  4:06  Drone  
  55  4:09  Drone  
  56  4:18  Queen  
  56  4:19  Drone x4  
  56  4:23  Overlord  
  62  4:28  Drone  
  62  4:30  Drone  
  64  4:35  Drone x2, Lair  
  64  4:36  Drone x2  
  64  4:37  Extractor  
  67  4:42  Overlord  
  67  4:45  Drone x2  
  69  4:46  Extractor  
  69  4:47  Roach  
  69  4:48  Spore Crawler  
  69  4:49  Roach  
  69  4:52  Roach  
  73  5:00  Overlord  
  73  5:01  Overlord  
  73  5:04  Drone x4  
  76  5:09  Drone x3  
  76  5:10  Drone  
  76  5:13  Roach x2, Spore Crawler  
  83  5:16  Drone x2  
  83  5:18  Drone  
  86  5:29  Drone x2  
  86  5:31  Drone x4  
  86  5:34  Glial Reconstitution  
  92  5:36  Drone  
  92  5:37  Evolution Chamber  
  92  5:41  Overlord  
  92  5:43  Roach  
  92  5:44  Roach x2  
  92  5:45  Evolution Chamber, Extractor  
  92  5:46  Extractor  
  92  5:48  Drone  
  92  5:49  Drone x2  
  99  5:50  Drone  
  99  5:53  Overseer, Overlord  
  99  5:54  Roach  
  101  5:59  Drone  
  101  6:04  Drone, Zerg Ground Armor Level 1  
  103  6:06  Roach x3  
  103  6:08  Drone x2  
  103  6:10  Hatchery  
  111  6:11  Drone  
  111  6:16  Zerg Missile Weapons Level 1, Infestation Pit  
  108  6:20  Roach x3  
  108  6:25  Zergling x6  
  113  6:28  Hatchery  
  112  6:34  Drone  
  112  6:38  Overlord  
  112  6:39  Overlord  
  113  6:43  Overlord  
  113  6:45  Overlord  
  111  6:49  Drone x2  
  110  6:59  Drone x6  
  114  7:04  Drone  
  114  7:07  Hive  
  115  7:09  Baneling Nest, Infestor x3  
  115  7:13  Drone x3  
  115  7:14  Hatchery  
  122  7:16  Overlord  
  122  7:20  Zergling x8  
  122  7:21  Zergling x2  
  127  7:23  Ravager x3  
  127  7:27  Roach  
  132  7:35  Drone x3  
  132  7:41  Drone  
  132  7:43  Drone x2, Extractor  
  132  7:44  Drone  
  135  7:46  Zergling x10  
  135  7:48  Roach  
  142  7:52  Ravager  
  142  7:54  Drone x2, Centrifugal Hooks  
  142  7:58  Overlord  
  145  7:59  Drone  
  145  8:03  Roach x2  
  138  8:06  Zergling x4  
  138  8:11  Zerg Melee Weapons Level 1  
  140  8:15  Roach x6  
  146  8:20  Roach x3  
  139  8:29  Zergling x12  
  138  8:35  Roach x3  
  138  8:42  Zergling x14  
  138  8:46  Zergling x2  
  144  8:49  Hydralisk Den  
  144  8:52  Zergling x2, Overlord  
  144  8:56  Ravager  
  144  8:57  Zergling x4  
  146  9:05  Zergling x10  
  146  9:08  Baneling x2  
  146  9:09  Baneling x3  
  148  9:11  Zergling x2  
  148  9:12  Zergling x6, Queen  
  150  9:20  Zergling x4  
  150  9:25  Drone x2  
  150  9:29  Drone x2  
  154  9:32  Ravager  
  154  9:33  Hatchery, Baneling x2  
  154  9:37  Zergling x2  
  155  9:40  Zergling x4  
  155  9:42  Baneling x5  
  157  9:45  Ravager x2  
  157  9:46  Overlord  
  157  9:52  Zergling x4, Roach  
  123  10:10  Ravager  
Tags
 
Add a new tag
Caveats
  • Supply blocks, unpowered buildings, or Contaminate may cause inaccurate times.
  • Supply counts are checked every 10 seconds.